 Dungeon Crawl Stone Soup version 0.31-a0-232-gb1c03b2570 (webtiles) character file.

Game seed: 14094920982679854228

38 qw the Shooter (level 3, 0/29 HPs)
             Began as a Minotaur Hexslinger on July 7, 2023.
             Slain by an orc wizard
             ... wielding a +0 dagger
              (1 damage)
             ... on level 1 of the Dungeon.
             The game lasted 00:00:29 (1372 turns).

qw the Shooter (Minotaur Hexslinger)                Turns: 1372, Time: 00:00:29

Health: 0/29       AC:  2    Str: 12    XL:     3   Next: 25%
Magic:  3/3        EV: 12    Int: 10    God:
Gold:   46         SH:  0    Dex: 14    Spells: 3/4 levels left

rFire   . . .        Y - +1 sling (flame)
rCold   . . .        (no shield)
rNeg    . . .        c - +0 robe
rPois   .            (helmet restricted)
rElec   .            (no cloak)
rCorr   .            (no gloves)
SInv    .            (no boots)
Will    .....        (no amulet)
Stlth   +            (no ring)
HPRegen 0.24/turn    (no ring)
MPRegen 0.08/turn

%: no passive effects
@: no status effects
A: horns 2, retaliatory headbutt
a: no special abilities


You were on level 1 of the Dungeon.
You visited 1 branch of the dungeon, and saw 2 of its levels.

You collected 46 gold pieces.


Innate Abilities, Weirdness & Mutations

You have a pair of horns on your head.
You reflexively headbutt those who attack you in melee.


   Skills:
 - Level 2.0 Fighting
 + Level 3.8 Ranged Weapons
 - Level 2.1 Dodging
 - Level 1.0 Spellcasting
 - Level 2.0 Hexes


You had 3 spell levels left.
You knew the following spells:

 Your Spells              Type           Power      Damage    Failure   Level
a - Slow                  Hex            16%        N/A       16%         1

Your spell library contained the following spells:

 Spells                   Type           Power      Damage    Failure   Level
 Inner Flame              Hex/Fire       2%         N/A       56%         3
 Portal Projectile        Hex/Tloc       4%         N/A       56%         3
 Cause Fear               Hex            2%         N/A       83%         4

Inventory:

Hand Weapons
 Y - a +1 sling of flaming (weapon)
Armour
 c - a +0 robe (worn)
 g - a +0 ring mail
Jewellery
 b - a ring of poison resistance
Scrolls
 a - a scroll of identify
 f - a scroll of amnesia {unknown}
 h - 2 scrolls of enchant armour {unknown}
Potions
 d - 2 potions of curing
 e - a potion of attraction {unknown}
 i - a potion of degeneration {unknown}

Dungeon Overview and Level Annotations

Branches:
Dungeon (2/15)

Altars:


Message History

Something hits you.
1364 ||| STAIRDANCE The orc closely misses you.
You furiously retaliate!
You headbutt the orc. Something hits you.
You climb upwards.
Reactivating autopickup.
There is a stone staircase leading down here.
You shoot a sling bullet. The sling bullet barely misses the orc.
Something hits you.
Deactivating autopickup; reactivate with Ctrl-A.
The orc barely misses you.
You shoot a sling bullet.
The sling bullet hits the orc but does no damage.
The orc is moderately wounded.
Something hits you. The orc hits you with a +0 mace.
You shoot a sling bullet.
The sling bullet hits the orc but does no damage.
The orc is moderately wounded.
You hear some strange, mumbled words.
A puff of flame appears from out of thin air!
The puff of flame hits you! The orc barely misses you.
You shoot a sling bullet.
The sling bullet hits the orc but does no damage.
The orc is moderately wounded.
Something barely misses you. The orc misses you. You furiously retaliate!
You headbutt the orc. You shoot a sling bullet.
The sling bullet hits the orc but does no damage.
The orc is almost dead.
Something hits you. The orc closely misses you. Something hits you.
The orc hits you with a +0 mace.
You shoot a sling bullet.
The sling bullet closely misses the orc.
You hear some strange, mumbled words.
Something tries to affect you, but you resist.
The orc barely misses you.
You shoot a sling bullet.
The sling bullet closely misses the orc.
Something hits you.
You die...

#......##...#.......
#......##...#.......
#.......'...#.......
#.......#...########
#.......#...#
#.......#...#
######.##...#
#......#############
#.o@................
#..{..##############
#...........)..# #
#####..#######.# ###
#...## #.# #..
#.#..# #.# #.7
#.##.### #.###.7
##########.##...#
#.##..7
#...............#
#.#...7


You could see an orc.

Vanquished Creatures
  An adder (D:2)
  A dart slug (D:2)
  4 endoplasms (D:1)
  4 giant cockroaches
  4 hobgoblins
  2 quokkas (D:1)
  2 bats (D:1)
  4 kobolds (D:1)
  3 rats
25 creatures vanquished.

Notes
Turn   | Place    | Note
-------+----------+-------------------------------------------
     0 | D:1      | qw the Minotaur Hexslinger began the quest for the Orb.
     0 | D:1      | Reached XP level 1. HP: 16/16 MP: 1/1
     0 | D:1      | 0 ||| qw: Version: 0.3-a-46-gb1f654a
     0 | D:1      | 0 ||| qw: Game counter: 2229
     0 | D:1      | 0 ||| qw: Melee chars always use a shield: true
     0 | D:1      | 0 ||| qw: God list: Okawaru
     0 | D:1      | 0 ||| qw: Allow faded altars: false
     0 | D:1      | 0 ||| qw: Do Orc after clearing Dungeon:15 true
     0 | D:1      | 0 ||| qw: Do second Lair branch before Depths: true
     0 | D:1      | 0 ||| qw: Lair rune preference: random
     0 | D:1      | 0 ||| qw: Goals: Normal
     0 | D:1      | 0 ||| PLANNING D:1-11
   173 | D:1      | Reached skill level 3 in Ranged Weapons
   173 | D:1      | Reached XP level 2. HP: 23/23 MP: 2/2
   269 | D:1      | HP: 4/23 [quokka (3)]
   667 | D:1      | Found a faded altar of an unknown god.
   915 | D:1      | 915 ||| READING scroll labelled MAMNU DUTASS.
   916 | D:1      | 916 ||| READING scroll labelled GUOSKI UTOAM.
   917 | D:1      | 917 ||| READING scroll labelled FUXUSE AHIPLIU.
   918 | D:1      | 918 ||| READING scroll labelled FYMAGI HITHRIRR.
   919 | D:1      | 919 ||| DRINKING 2 inky potions.
   920 | D:1      | 920 ||| DROPPING scroll of poison.
   969 | D:2      | Reached XP level 3. HP: 18/29 MP: 3/3
  1020 | D:2      | 1020 ||| FLEEEEING.
  1021 | D:2      | 1021 ||| FLEEEEING.
  1338 | D:2      | Identified the +0 scale mail of Kuaprao {rN+ Dex+5}
  1339 | D:2      | 1339 ||| DRINKING 3 potions of curing.
  1339 | D:2      | 1339 ||| (to cure confusion)
  1344 | D:2      | 1344 ||| FLEEEEING.
  1345 | D:2      | 1345 ||| FLEEEEING.
  1346 | D:2      | 1346 ||| FLEEEEING.
  1347 | D:2      | 1347 ||| FLEEEEING.
  1348 | D:2      | 1348 ||| FLEEEEING.
  1349 | D:2      | 1349 ||| FLEEEEING.
  1350 | D:2      | 1350 ||| FLEEEEING.
  1351 | D:2      | 1351 ||| FLEEEEING.
  1352 | D:2      | 1352 ||| FLEEEEING.
  1353 | D:2      | 1353 ||| FLEEEEING.
  1354 | D:2      | 1354 ||| FLEEEEING.
  1355 | D:2      | 1355 ||| FLEEEEING.
  1356 | D:2      | 1356 ||| FLEEEEING.
  1357 | D:2      | 1357 ||| FLEEEEING.
  1359 | D:2      | 1359 ||| FLEEEEING.
  1360 | D:2      | 1360 ||| FLEEEEING.
  1361 | D:2      | 1361 ||| FLEEEEING.
  1362 | D:2      | 1362 ||| FLEEEEING.
  1364 | D:2      | 1364 ||| STAIRDANCE
  1368 | D:1      | HP: 7/29 [something/puff of flame (10)]
  1370 | D:1      | HP: 1/29 [orc/+0 mace (4)]
  1372 | D:1      | Slain by an orc wizard

Levels and vault maps discovered:
D:1:      scummos_arrival_checkerplants, layout_basic,
          dreamdust_ecumenical_altar_angels_and_demons, minmay_misc_feat_roman
D:2:      layout_basic, minmay_pentomino_r4

Skill      XL: |  1  2 |
---------------+-------+-----
Ranged Weapons | 3 |  3.8
Fighting       | 2 |  2.0
Dodging        | |  2.1
Spellcasting   | |  1.0
Hexes          | |  2.0

Action                     || total
---------------------------++-------
   Fire: Sling             ||    95
    Use: Scroll            ||     4
         Potion            ||     2
 Armour: Robe              ||     8
  Dodge: Dodged            ||    27

Table legend:
 A = Non-vault XP
 B = Vault XP
 C = Vault XP percentage of total XP
 D = Non-vault monster count
 E = Vault monster count
 F = Vault count percentage of total count
                 A         B        C        D         E       F
            +---------+---------+-------+---------+---------+-------
      Total |      55 |       0 |   0.0 |      25 |       0 |   0.0
            +---------+---------+-------+---------+---------+-------
        D:1 |      29 |       0 |   0.0 |      18 |       0 |   0.0
        D:2 |      26 |       0 |   0.0 |       7 |       0 |   0.0
            +---------+---------+-------+---------+---------+-------
